 Dungeon Crawl Stone Soup version 0.29-a0-700-g2f1814c7b2 (webtiles) character file.

Game seed: 17893413586093524617

208 happo123 the Digger (level 5, -1/29 HPs)
             Began as a Gargoyle Earth Elementalist on June 24, 2022.
             Was an Initiate of Vehumet.
             Slain by Duvessa
             ... wielding a +0 short sword
              (5 damage)
             ... on level 4 of the Dungeon on June 25, 2022.
             The game lasted 00:13:14 (2402 turns).

happo123 the Digger (Gargoyle Earth Elementalist)   Turns: 2402, Time: 00:13:15

Health: -1/29      AC:  6    Str: 11    XL:     5   Next: 86%
Magic:  5/8        EV: 12    Int: 18    God:    Vehumet [......]
Gold:   121        SH:  0    Dex: 10    Spells: 5/9 levels left

rFire   . . .      SeeInvis .   u - +6 shillelagh "Devastator" {shatter}
rCold   . . .      Faith    .   (no shield)
rNeg    + . .      Spirit   .   a - +0 robe
rPois   ∞          Reflect  .   (no helmet)
rElec   +          Harm     .   (no cloak)
rCorr   .          Rampage  .   (no gloves)
Will    .....                   (no boots)
Stlth   ++........              (no amulet)
HPRegen 0.09/turn               (no ring)
MPRegen 0.11/turn               (no ring)

@: no status effects
A: sickness immunity, AC +4, negative energy resistance 1, electricity
resistance, torment resistance 1, petrification resistance
a: Renounce Religion


You were on level 4 of the Dungeon.
You worshipped Vehumet.
Vehumet was noncommittal.
You visited 2 branches of the dungeon, and saw 5 of its levels.

You collected 121 gold pieces.

Inventory:

Hand Weapons
 e - a +0 dagger
 m - a +0 whip
 q - a +0 flail
 u - the +6 shillelagh "Devastator" (weapon) {shatter}
   (You found it on level 4 of the Dungeon)

   It releases a powerful concussive burst when it strikes, dealing extra damage
   to the target and all other foes adjacent to them.
Armour
 a - a +0 robe (worn)
 c - a +0 leather armour
Wands
 s - a wand of paralysis (8)
Scrolls
 d - 3 scrolls of teleportation {unknown}
 g - a scroll of torment
 h - 3 scrolls of identify {unknown}
 o - a scroll of immolation {unknown}
 p - a scroll of enchant armour {unknown}
 r - a scroll of fog {unknown}
Potions
 b - a potion of magic
 f - a potion of curing
 i - a potion of lignification {unknown}
 l - a potion of haste {unknown}
 n - a potion of attraction {unknown}
 t - a potion of heal wounds {unknown}


   Skills:
 + Level 1.5 Fighting
 + Level 0.8 Maces & Flails
 + Level 1.4 Armour
 + Level 2.1 Dodging
 + Level 3.0 Stealth
 + Level 2.5 Spellcasting
 * Level 2.0 Transmutations
 * Level 4.8 Earth Magic


You had 5 spell levels left.
You knew the following spells:

 Your Spells              Type           Power      Damage    Failure   Level
a - Sandblast             Erth           38%        2d10      2%          1
b - Stone Arrow           Conj/Erth      20%        3d8       19%         3

Your spell library contained the following spells:

 Spells                   Type           Power      Damage    Failure   Level
 Passwall                 Tmut/Erth      11%        N/A       6%          2
 Petrify                  Tmut/Erth      14%        N/A       38%         4
 Portal Projectile        Hex/Tloc       4%         N/A       45%         3
 Tukima's Dance           Hex            2%         N/A       45%         3
 Blade Hands              Tmut           4%         N/A       90%         5


Dungeon Overview and Level Annotations

Branches:
Dungeon (4/15)             Temple (1/1) D:4

Altars:
Ashenzari
Cheibriados
Elyvilon
Fedhas
Gozag
Kikubaaqudgha
Makhleb
Nemelex Xobeh
Qazlal
Ru
Trog
Vehumet
Xom
Zin
The Shining One

Annotations:
D:4 Dowan, Duvessa


Innate Abilities, Weirdness & Mutations

You are immune to sickness and miasma.
Your stone body is resilient. (AC +4)
You are immune to poison.
You resist negative energy. (rN+)
You are resistant to electric shocks. (rElec)
You are resistant to unholy torment.
You are immune to petrification.


Message History

Duvessa hits you with a +0 short sword.
Aiming: Sandblast (safe; 2% risk of failure)
Press: ? - help, Q - select action, (/) - cycle Shift-Dir - straight line, f/p - Duvessa
Aim: Duvessa, wielding a +0 short sword and wearing a +0 leather armour (lightly wounded, 82% to hit)
The blast of sand misses Duvessa.
Duvessa barely misses you. Duvessa hits you but does no damage.
Aiming: Sandblast (safe; 2% risk of failure)
Press: ? - help, Q - select action, (/) - cycle Shift-Dir - straight line, f/p - Duvessa
Aim: Duvessa, wielding a +0 short sword and wearing a +0 leather armour (lightly wounded, 82% to hit)
The blast of sand hits Duvessa!
Duvessa is moderately wounded.
Duvessa hits you with a +0 short sword! Duvessa hits you with a +0 short sword.
Aiming: Sandblast (safe; 2% risk of failure)
Press: ? - help, Q - select action, (/) - cycle Shift-Dir - straight line, f/p - Duvessa
Aim: Duvessa, wielding a +0 short sword and wearing a +0 leather armour (moderately wounded, 82% to hit)
The blast of sand misses Duvessa.
Duvessa hits you with a +0 short sword.
Dowan, Brother of Duvessa comes into view.
He is wielding a +0 dagger.
As you read the scroll labelled YPERUY VAMPEYNK, it crumbles to dust.
Your body is wracked with pain!
* * * LOW HITPOINT WARNING * * *
Duvessa convulses!
Dowan convulses!
It was a scroll of torment.
Duvessa hits you with a +0 short sword.
* * * LOW HITPOINT WARNING * * *
It was a potion of curing.
You feel better. Dowan hits you with a +0 dagger.
Duvessa hits you with a +0 short sword!
* * * LOW HITPOINT WARNING * * *
Okay, then.
As you read the scroll labelled DUTTOK NOXT, it crumbles to dust.
It is a scroll of enchant weapon.
Really abort (and waste the scroll)?
Okay, then.
Dowan barely misses you. Duvessa hits you but does no damage.
As you read the scroll labelled PIUNEA DUED, it crumbles to dust.
It is a scroll of amnesia.
Really abort (and waste the scroll)?
Okay, then.
Dowan casts a spell at Duvessa.
Duvessa seems to speed up.
Duvessa hits you with a +0 short sword.
You die...

....# #.# .#
.....##.###.#
#..........# #..........#
# #..e....g.# .##
#....#.# ##..#
.#####...#.###.#.###
.........#.#.8...#.###..
...........#@.(#...#....
#
...........ee.((.#......
#
...........#.(....(#....
# ..............(..#....#
# .....<..8..#....(..8..#
# ........>..#.#...8(...#
#
........8..#..(8(##...###
#
...........#.....##......
#
...........#.....#.......


You could see Duvessa (fast) and Dowan.

Vanquished Creatures
  An ogre (D:4)
  A hound (D:4)
  5 adders
  A worm (D:2)
  2 dart slugs (D:2)
  A ball python (D:1)
  5 endoplasms
  3 giant cockroaches
  2 hobgoblins
  2 jackals (D:1)
  3 quokkas
  5 bats
  3 frilled lizards
  6 goblins
  A kobold (D:3)
  2 rats (D:1)
43 creatures vanquished.

Notes
Turn   | Place    | Note
-------+----------+-------------------------------------------
     0 | D:1      | happo123 the Gargoyle Earth Elementalist began the quest
                  | for the Orb.
     0 | D:1      | Reached XP level 1. HP: 10/10 MP: 3/3
     0 | D:1      | Upgraded the game from 0.29-a0-676-ga64570c9d2 to
                  | 0.29-a0-700-g2f1814c7b2
   175 | D:1      | Reached skill level 1 in Transmutations
   191 | D:1      | Reached XP level 2. HP: 13/15 MP: 1/5
   930 | D:2      | Reached XP level 3. HP: 16/20 MP: 1/6
   934 | D:2      | Learned a level 3 spell: Stone Arrow
   993 | D:2      | Reached skill level 4 in Earth Magic
  1443 | D:3      | Found a faded altar of an unknown god.
  1524 | D:3      | Reached skill level 1 in Fighting
  1524 | D:3      | Reached XP level 4. HP: 25/25 MP: 5/7
  1941 | D:4      | Reached skill level 1 in Armour
  1950 | D:4      | Found a bloodstained altar of Trog.
  1975 | D:4      | Found a glowing silver altar of Zin.
  1981 | D:4      | Noticed an ogre
  1986 | D:4      | Killed an ogre
  1987 | D:4      | Reached XP level 5. HP: 27/29 MP: 2/8
  1988 | D:4      | Found the +6 shillelagh "Devastator" {shatter}
  1995 | D:4      | Found a staircase to the Ecumenical Temple.
  2005 | Temple   | Entered the Ecumenical Temple
  2015 | Temple   | Became a worshipper of Vehumet
  2383 | D:4      | Noticed Duvessa
  2398 | D:4      | Noticed Dowan
  2402 | D:4      | Slain by Duvessa

Illustrated notes

Levels and vault maps discovered:
D:1:      wander_arrival_fairy_ring, layout_basic
D:2:      layout_loops_cross
D:3:      layout_rooms, nicolae_ecumenical_pavilion
D:4:      minmay_goblin_kobold_castle, layout_basic,
          mainiacjoe_overflow_small_starburst, mainiacjoe_overflow_chevrons,
          marbit_many_paths, temple_statues, dilly_guarded_unrand_devastator,
          uniq_duvessa
Temple:   compressed_dpeg_triangle_lava_temple

Skill      XL: |  1  2  3  4 |
---------------+-------------+-----
Transmutations | 1 2 |  2.0
Earth Magic    | 4 |  4.8
Fighting       | 1 |  1.5
Armour         | 1 |  1.4
Dodging        | 2 |  2.1
Stealth        | 3 |  3.0
Maces & Flails | |  0.8
Spellcasting   | |  2.5

Action                   |  1- 3 |  4- 6 || total
-------------------------+-------+-------++-------
Melee: Unarmed           |     8 |       ||     8
       Dagger            |    10 |       ||    10
       Whip              |       |    25 ||    25
       Shillelagh        |       |     4 ||     4
 Cast: Sandblast         |    36 |    22 ||    58
       Stone Arrow       |       |     1 ||     1
  Use: Scroll            |       |     3 ||     3
       Potion            |       |     1 ||     1
 Stab: Sleeping          |     1 |     1 ||     2
Armor: Robe              |    20 |    24 ||    44
Dodge: Dodged            |    38 |    29 ||    67

Table legend: (Time is in decaauts)
 A = Elapsed time spent in this place.
 B = Non-inter-level travel time spent in this place.
 C = Inter-level travel time spent in this place.
 D = Time resting spent in this place.
 E = Time spent auto-exploring this place.
 F = Levels seen in this place.
 G = Mean time per level.
                   A        B        C        D        E       F      G
               +--------+--------+--------+--------+--------+-----+--------+
         Total |   2465 |   1666 |    799 |      0 |   1227 |   5 |  493.0 |
       Dungeon |   2099 |   1329 |    770 |      0 |    898 |   4 |  524.8 |
        Temple |    365 |    336 |     29 |      0 |    329 |   1 |  365.0 |
               +--------+--------+--------+--------+--------+-----+--------+

Top non-repeatable levels by time:
     D:1: 872 daAuts
     D:2: 606 daAuts
     D:3: 478 daAuts
  Temple: 365 daAuts
     D:4: 142 daAuts
